NWL (28 & UNDER)
RIVERSIDE RED BULLS @ MOOSE JAW GHOSTBUSTERS
06/30/2023
 
TOP OF THE 1ST
Riverside Red Bulls batting - Pitching for Moose Jaw Ghostbusters : RHP Ken Rogers
Pitching: RHP Ken Rogers
Batting: RHB Joe Scott 0-0: Called Strike
0-1: Ball
1-1: Ground out 5-3 (Groundball, 56S)
Batting: RHB José Zúńiga 0-0: Fly out, F9 (Popup, 4D)
Batting: LHB Jorge Meléndez 0-0: Ball
1-0: Foul Ball, location: 2F
1-1: SOLO HOME RUN (Flyball, 9D), Distance : 366 ft
Batting: RHB Chris Osborn 0-0: Called Strike
0-1: Ball
1-1: Called Strike
1-2: Ball
2-2: Strikes out looking
Top of the 1st over - 1 run(s), 1 hit(s), 0 error(s), 0 left on base; Riverside 1 - Moose Jaw 0
BOTTOM OF THE 1ST
Moose Jaw Ghostbusters batting - Pitching for Riverside Red Bulls : LHP Juan Garza
Pitching: LHP Juan Garza
Batting: LHB Dave Stewart 0-0: Ground out 5-3 (Groundball, 56S)
Batting: LHB Bartolo Villanueva 0-0: Ball
1-0: Ball
2-0: Called Strike
2-1: Swinging Strike
2-2: Foul Ball, location: 2F
2-2: Fly out, F7 (Line Drive, 7M)
Batting: RHB Paco Hernández 0-0: DOUBLE (Line Drive, 3L)
Batting: RHB John Major 0-0: Ground out 1-3 (Groundball, 13)
Bottom of the 1st over - 0 run(s), 1 hit(s), 0 error(s), 1 left on base; Riverside 1 - Moose Jaw 0
TOP OF THE 2ND
Riverside Red Bulls batting - Pitching for Moose Jaw Ghostbusters : RHP Ken Rogers
Batting: RHB Júlio García 0-0: Ball
1-0: Ball
2-0: Called Strike
2-1: Foul Ball, location: 2F
2-2: Ball
3-2: Base on Balls
Batting: RHB Kyle Bacon 0-0: Foul Ball, location: 2F
0-1: Foul Ball, location: 2F
0-2: Foul Ball, location: 2F
0-2: Foul Ball, location: 2F
0-2: Ball
1-2: Strikes out swinging
Batting: RHB Jesús Naút 0-0: Ball
1-0: Swinging Strike
1-1: Foul Ball, location: 2F
1-2: Grounds into double play, 4-6-3 (Groundball, 4)
Top of the 2nd over - 0 run(s), 0 hit(s), 0 error(s), 0 left on base; Riverside 1 - Moose Jaw 0
BOTTOM OF THE 2ND
Moose Jaw Ghostbusters batting - Pitching for Riverside Red Bulls : LHP Juan Garza
Batting: LHB Will Vale 0-0: Called Strike
0-1: Swinging Strike
0-2: Strikes out looking
Batting: RHB Luis Miguel Sánchez 0-0: Ball
1-0: Ball
2-0: Ball
3-0: Base on Balls
Batting: RHB Ánibal Pérez 0-0: Called Strike
Luis Miguel Sánchez steals 2nd base
0-1: Swinging Strike
0-2: Ground out 6-3 (Groundball, 6M)
Luis Miguel Sánchez to third
Batting: RHB Aaron Wilson 0-0: SINGLE (Groundball, 34D)
Luis Miguel Sánchez scores
Batting: LHB Carlos López 0-0: Ball
1-0: Called Strike
1-1: SINGLE (Line Drive, 3D)
Aaron Wilson to second
Batting: LHB Dave Stewart 0-0: Ball
1-0: Ball
2-0: Ball
3-0: Called Strike
3-1: Base on Balls
Aaron Wilson to third
Carlos López to second
Batting: LHB Bartolo Villanueva 0-0: Ball
1-0: Ground out 4-3 (Groundball, 34)
Bottom of the 2nd over - 1 run(s), 2 hit(s), 0 error(s), 3 left on base; Riverside 1 - Moose Jaw 1
TOP OF THE 3RD
Riverside Red Bulls batting - Pitching for Moose Jaw Ghostbusters : RHP Ken Rogers
Batting: RHB Soshu Nakamura 0-0: Ball
1-0: Ball
2-0: Called Strike
2-1: Ball
3-1: SOLO HOME RUN (Flyball, 89XD), Distance : 383 ft
Batting: SHB Chun-yeong Kim 0-0: Fly out, F9 (Line Drive, 9M)
Batting: RHB Joe Scott 0-0: Ball
1-0: Fly out, F7 (Flyball, 7S)
Batting: RHB José Zúńiga 0-0: Ball
1-0: Fly out, F7 (Flyball, 78M)
Top of the 3rd over - 1 run(s), 1 hit(s), 0 error(s), 0 left on base; Riverside 2 - Moose Jaw 1
BOTTOM OF THE 3RD
Moose Jaw Ghostbusters batting - Pitching for Riverside Red Bulls : LHP Juan Garza
Batting: RHB Paco Hernández 0-0: SINGLE (Groundball, 3)
Batting: RHB John Major 0-0: SINGLE (Groundball, 56D)
Paco Hernández to second
Batting: LHB Will Vale 0-0: Called Strike
0-1: Ball
1-1: Fly out, F8 (Flyball, 8RM)
Batting: RHB Luis Miguel Sánchez 0-0: Called Strike
0-1: Ball
1-1: Fielders Choice at 2nd, 6-4 (Groundball, 6)
Paco Hernández to third
Batting: RHB Ánibal Pérez 0-0: Ball
1-0: Foul Ball, location: 2F
1-1: Foul Ball, location: 2F
1-2: Ball
2-2: Ball
3-2: SINGLE (Flyball, 89S)
Paco Hernández scores
Luis Miguel Sánchez to second
Luis Miguel Sánchez to third
Batting: RHB Aaron Wilson 0-0: Ground out 6-3 (Groundball, 6)
Bottom of the 3rd over - 1 run(s), 3 hit(s), 0 error(s), 2 left on base; Riverside 2 - Moose Jaw 2
TOP OF THE 4TH
Riverside Red Bulls batting - Pitching for Moose Jaw Ghostbusters : RHP Ken Rogers
Batting: LHB Jorge Meléndez 0-0: Called Strike
0-1: Swinging Strike
0-2: Strikes out looking
Batting: RHB Chris Osborn 0-0: Called Strike
0-1: Ball
1-1: SINGLE (Line Drive, 7S)
Batting: RHB Júlio García 0-0: Grounds into double play, 6-4-3 (Groundball, 6M)
Top of the 4th over - 0 run(s), 1 hit(s), 0 error(s), 0 left on base; Riverside 2 - Moose Jaw 2
BOTTOM OF THE 4TH
Moose Jaw Ghostbusters batting - Pitching for Riverside Red Bulls : LHP Juan Garza
Batting: LHB Carlos López 0-0: Called Strike
0-1: Fly out, F7 (Flyball, 7M)
Batting: LHB Dave Stewart 0-0: Swinging Strike
0-1: SINGLE (Groundball, 56D)
Batting: LHB Bartolo Villanueva 0-0: Fly out, F7 (Line Drive, 7M)
Batting: RHB Paco Hernández 0-0: Foul Ball, location: 2F
0-1: Ball
1-1: DOUBLE (Line Drive, 3D)
Dave Stewart to third
Runner from 3rd tries for Home, SAFE, no throw or cutoff
Batting: RHB John Major 0-0: Ground out 6-3 (Groundball, 6)
Bottom of the 4th over - 1 run(s), 2 hit(s), 0 error(s), 1 left on base; Riverside 2 - Moose Jaw 3
TOP OF THE 5TH
Riverside Red Bulls batting - Pitching for Moose Jaw Ghostbusters : RHP Ken Rogers
Batting: RHB Kyle Bacon 0-0: Foul Ball, location: 2F
0-1: Ball
1-1: Fly out, F4 (Popup, 4M)
Batting: RHB Jesús Naút 0-0: Ball
1-0: Fly out, F9 (Line Drive, 9S)
Batting: RHB Soshu Nakamura 0-0: Swinging Strike
0-1: Called Strike
0-2: Ball
1-2: Strikes out swinging
Top of the 5th over - 0 run(s), 0 hit(s), 0 error(s), 0 left on base; Riverside 2 - Moose Jaw 3
BOTTOM OF THE 5TH
Moose Jaw Ghostbusters batting - Pitching for Riverside Red Bulls : LHP Juan Garza
Batting: LHB Will Vale 0-0: Ball
1-0: Called Strike
1-1: Swinging Strike
1-2: Ball
2-2: Foul Ball, location: 2F
2-2: Fly out, F2 (Popup, 25F)
Batting: RHB Luis Miguel Sánchez 0-0: Called Strike
0-1: Ball
1-1: Called Strike
1-2: SINGLE (Groundball, 56D) (infield hit)
Batting: RHB Ánibal Pérez 0-0: Ball
1-0: Ball
2-0: Grounds into double play, U6-3 (Groundball, 6)
Bottom of the 5th over - 0 run(s), 1 hit(s), 0 error(s), 0 left on base; Riverside 2 - Moose Jaw 3
TOP OF THE 6TH
Riverside Red Bulls batting - Pitching for Moose Jaw Ghostbusters : RHP Ken Rogers
Batting: SHB Chun-yeong Kim 0-0: Ball
1-0: Ball
2-0: Ball
3-0: Called Strike
3-1: Base on Balls
Batting: RHB Joe Scott 0-0: Fly out, F8 (Flyball, 8LD)
Batting: RHB José Zúńiga Pickoff Throw to First - Out!
0-0: Ball
1-0: Ball
2-0: Ball
3-0: Called Strike
3-1: Foul Ball, location: 2F
3-2: Foul Ball, location: 2F
3-2: Foul Ball, location: 2F
3-2: Base on Balls
Batting: LHB Jorge Meléndez 0-0: Ball
1-0: Called Strike
1-1: Fly out, F7 (Flyball, 7LD)
Top of the 6th over - 0 run(s), 0 hit(s), 0 error(s), 1 left on base; Riverside 2 - Moose Jaw 3
BOTTOM OF THE 6TH
Moose Jaw Ghostbusters batting - Pitching for Riverside Red Bulls : LHP Juan Garza
Batting: RHB Aaron Wilson 0-0: Ball
1-0: Ball
2-0: Foul Ball, location: 2F
2-1: Called Strike
2-2: Strikes out looking
Batting: LHB Carlos López 0-0: Foul Ball, location: 2F
0-1: Ball
1-1: Called Strike
1-2: Ball
2-2: Ball
3-2: Base on Balls
Batting: LHB Dave Stewart 0-0: Ball
1-0: Called Strike
1-1: Ball
2-1: Swinging Strike
2-2: Ground out 5-3 (Groundball, 56S)
Carlos López to second
Batting: LHB Bartolo Villanueva 0-0: Foul Ball, location: 2F
0-1: Ball
1-1: Ball
2-1: Ground out 6-3 (Groundball, 6)
Bottom of the 6th over - 0 run(s), 0 hit(s), 0 error(s), 1 left on base; Riverside 2 - Moose Jaw 3
TOP OF THE 7TH
Riverside Red Bulls batting - Pitching for Moose Jaw Ghostbusters : RHP Ken Rogers
Batting: RHB Chris Osborn 0-0: Ball
1-0: Foul Ball, location: 2F
1-1: Ball
2-1: Ball
3-1: Ground out 6-3 (Groundball, 6D)
Batting: RHB Júlio García 0-0: Ball
1-0: SINGLE (Line Drive, 9S)
Batting: RHB Kyle Bacon 0-0: Called Strike
0-1: Ball
1-1: Ball
2-1: Foul Ball, location: 2F
2-2: Ball
3-2: Strikes out swinging
Batting: RHB Jesús Naút 0-0: Called Strike
0-1: Called Strike
0-2: Ball
1-2: Strikes out swinging
Top of the 7th over - 0 run(s), 1 hit(s), 0 error(s), 1 left on base; Riverside 2 - Moose Jaw 3
BOTTOM OF THE 7TH
Moose Jaw Ghostbusters batting - Pitching for Riverside Red Bulls : LHP Juan Garza
Pitching: LHP Stu Creichton
Batting: RHB Paco Hernández 0-0: Called Strike
0-1: Ball
1-1: Called Strike
1-2: Ground out 5-3 (Groundball, 56S)
Batting: RHB John Major 0-0: Called Strike
0-1: Ball
1-1: Foul Ball, location: 2F
1-2: Foul Ball, location: 2F
1-2: DOUBLE (Flyball, 89XD)
Pinch Hitting: RHB Domingo Matos 0-0: Ball
1-0: Ball
2-0: Ball
3-0: Base on Balls
Batting: RHB Luis Miguel Sánchez 0-0: Ball
1-0: Grounds into double play, 6-4-3 (Groundball, 6)
Bottom of the 7th over - 0 run(s), 1 hit(s), 0 error(s), 1 left on base; Riverside 2 - Moose Jaw 3
TOP OF THE 8TH
Riverside Red Bulls batting - Pitching for Moose Jaw Ghostbusters : RHP Ken Rogers
Now in RF: Pedro Meza
Batting: RHB Soshu Nakamura 0-0: Ball
1-0: Foul Ball, location: 2F
1-1: Ball
2-1: Ball
3-1: Foul Ball, location: 2F
3-2: Strikes out swinging
Batting: SHB Chun-yeong Kim 0-0: Ball
1-0: Ball
2-0: SINGLE (Line Drive, 8LS)
Pitching: RHP Daniel Félix
Batting: RHB Joe Scott 0-0: Foul Ball, location: 2F
0-1: Ball
1-1: Grounds into double play, 1-6-3 (Groundball, 13S)
Top of the 8th over - 0 run(s), 1 hit(s), 0 error(s), 0 left on base; Riverside 2 - Moose Jaw 3
BOTTOM OF THE 8TH
Moose Jaw Ghostbusters batting - Pitching for Riverside Red Bulls : LHP Stu Creichton
Batting: RHB Ánibal Pérez 0-0: Fly out, F8 (Flyball, 89M)
Batting: RHB Aaron Wilson 0-0: Ball
1-0: Called Strike
1-1: Ball
2-1: DOUBLE (Line Drive, 9LM)
Pinch Hitting: RHB Ángel García 0-0: Called Strike
Aaron Wilson is caught stealing 3rd base
0-1: Swinging Strike
0-2: Foul Ball, location: 2F
0-2: Ball
1-2: Foul Ball, location: 2F
1-2: SINGLE (Line Drive, 6M)
Batting: LHB Dave Stewart 0-0: Ball
1-0: Ground out 3-1 (Groundball, 3L)
Bottom of the 8th over - 0 run(s), 2 hit(s), 0 error(s), 1 left on base; Riverside 2 - Moose Jaw 3
TOP OF THE 9TH
Riverside Red Bulls batting - Pitching for Moose Jaw Ghostbusters : RHP Daniel Félix
Pitching: LHP Raúl Sandoval
Now at 3B: Ángel García
Batting: RHB José Zúńiga 0-0: Ball
1-0: Ball
2-0: Ball
3-0: Called Strike
3-1: Ground out 4-3 (Groundball, 4)
Batting: LHB Jorge Meléndez 0-0: Ball
1-0: Ball
2-0: Called Strike
2-1: Ball
3-1: Ground out 4-3 (Groundball, 4)
Batting: RHB Chris Osborn 0-0: Ball
1-0: Called Strike
1-1: Ball
2-1: Foul Ball, location: 2F
2-2: Foul Ball, location: 2F
2-2: Foul Ball, location: 2F
2-2: Foul Ball, location: 2F
2-2: Foul Ball, location: 2F
2-2: Foul Ball, location: 2F
2-2: Foul Ball, location: 2F
2-2: SINGLE (Line Drive, 4D)
Batting: RHB Júlio García 0-0: Called Strike
0-1: Ground out 5-3 (Groundball, 15S)
Top of the 9th over - 0 run(s), 1 hit(s), 0 error(s), 1 left on base; Riverside 2 - Moose Jaw 3
This league is powered by Out of the Park Baseball, the baseball management simulation game for PC, Mac and Linux
Wednesday, December 2nd, 2015 - OOTP Baseball 16.8 Build 38